 Dungeon Crawl Stone Soup version 0.32-a0-576-g706899e69d (webtiles) character file.

Game seed: 2469234526485932179

49 BeKind the Ducker (level 3, -8/26 HPs)
             Began as an Octopode Fighter on Mar 1, 2024.
             Mangled by a gnoll
             ... wielding a +0 spear
              (9 damage)
             ... on level 2 of the Dungeon.
             The game lasted 00:00:52 (522 turns).

BeKind the Ducker (Octopode Fighter)                 Turns: 522, Time: 00:00:53

Health: -8/26      AC:  1    Str: 17    XL:     3   Next: 77%
Magic:  3/3        EV: 18    Int: 10    God:
Gold:   58         SH:  4    Dex: 11    Spells: 2/2 levels left

rFire   + + .        a - +0 trident
rCold   + . .        b - +0 buckler
rNeg    . . .        (helmet restricted)
rPois   +            (no amulet)
rElec   +            f - +5 ring of evasion
rCorr   +            g - ring of protection from fire
SInv    .            (no ring)
Will    .....        (no ring)
Stlth   ++           (no ring)
HPRegen 0.24/turn    (no ring)
MPRegen 0.08/turn    (no ring)
                     (no ring)

%: no passive effects
@: resistant
A: almost no armour, amphibious, 8 rings, camouflage 1, gelatinous body 1,
(nimble swimmer 1), tentacles
a: no special abilities


You were on level 2 of the Dungeon.
You visited 1 branch of the dungeon, and saw 2 of its levels.

You collected 58 gold pieces.

Inventory:

Hand Weapons
 a - a +0 trident (weapon)
Armour
 b - a +0 buckler (worn)
Jewellery
 f - a +5 ring of evasion (left tentacle)
 g - a ring of protection from fire (right tentacle)
Scrolls
 d - a scroll of amnesia {unknown}
Potions
 c - a potion of might
 e - a potion of resistance


   Skills:
 + Level 3.4 Fighting
 + Level 2.6 Polearms
 + Level 3.4 Dodging
 + Level 3.4 Shields


You had 2 spell levels left.
You didn't know any spells.
Your spell library contained the following spells:

 Spells                   Type           Power      Damage    Failure   Level
 Stone Arrow              Conj/Erth      0%         3d7       82%         3
 Lehudib's Crystal Spear  Conj/Erth      0%         10d2      100%        8
 Animate Armour           Summ/Erth      Unusable   N/A       N/A         4

Dungeon Overview and Level Annotations

Branches:
Dungeon (2/15)

Altars:


Innate Abilities, Weirdness & Mutations

You cannot wear most types of armour.
You are amphibious.
You can wear up to eight rings at the same time.
Your skin changes colour to match your surroundings (Stealth+).
Your rubbery body absorbs attacks. (AC +1, EV +1)
((You are camouflaged when in or above water. (Stealth+)))
You have tentacles for arms and can constrict up to eight enemies at once.


Message History

The kobold is moderately wounded.
You constrict the kobold.
You kill the kobold!
No target in view!
No target in view!
No target in view!
You now have 58 gold pieces (gained 15).
Found a plate armour.
A gnoll comes into view. It is wielding a +0 flail.
Found a murky pink potion.
Found a stone staircase leading down.
The gnoll shouts!
You hear a shout!
A gnoll is nearby! 2 gnolls come into view.
Found a beast talisman.
You reach to attack!
You hit the gnoll.
The gnoll is lightly wounded.
A gnoll comes into view. It is wielding a +0 halberd.
The gnoll shouts!
You hit the gnoll but do no damage. You grab the gnoll. You squeeze the gnoll!
The gnoll is almost dead.
You constrict the gnoll.
You kill the gnoll!
The gnoll hits you from afar with a +0 halberd!
You reach to attack!
You puncture the gnoll!
The gnoll is severely wounded.
The gnoll barely misses you.
A rat comes into view.
You reach to attack!
The rat squeaks loudly.
You hit the gnoll.
The gnoll is almost dead.
The gnoll closely misses you. You block the gnoll's attack.
The gnoll misses you.
The gnoll hits you from afar with a +0 halberd!
Ouch! That really hurt!
* * * LOW HITPOINT WARNING * * *
It was a potion of resistance.
You feel protected.
The gnoll hits you from afar with a +0 spear!
You die...

...............
........>......
......r......!
.##..[........%
.............
##...g.....####
....gg)........ ...#
#@....... ...#
##........ ...##....
#.........
...##....#.####.........
.... ......#............
...####...##............
.)....#...##...##.#.....
......#...##......#.....
##................#.....


You could see 3 gnolls and a rat.

Vanquished Creatures
  A gnoll (D:2)
  An adder (D:2)
  A dart slug (D:1)
  2 ribbon worms (D:2)
  2 ball pythons (D:1)
  3 endoplasms (D:1)
  4 goblins (D:1)
  A hobgoblin (D:1)
  2 quokkas (D:2)
  2 bats (D:1)
  2 frilled lizards (D:1)
  3 kobolds
  A rat (D:1)
25 creatures vanquished.

Notes
Turn   | Place    | Note
-------+----------+-------------------------------------------
     0 | D:1      | BeKind the Octopode Fighter began the quest for the Orb.
     0 | D:1      | Reached XP level 1. HP: 16/16 MP: 1/1
   188 | D:1      | Reached XP level 2. HP: 21/21 MP: 2/2
   427 | D:2      | Reached XP level 3. HP: 19/26 MP: 3/3
   521 | D:2      | HP: 1/26 [gnoll/+0 halberd (14)]
   522 | D:2      | Mangled by a gnoll

Illustrated notes

Levels and vault maps discovered:
D:1:      eino_arrival_druids_welcome, layout_rooms
D:2:      layout_basic

Action                     || total
---------------------------++-------
  Melee: Trident           ||    47
         Tentacles         ||     8
         Constrict         ||    10
    Use: Potion            ||     1
   Stab: Sleeping          ||     3
         Distracted        ||     1
 Armour: Skin              ||     9
  Dodge: Dodged            ||    13
  Block: Buckler           ||     4

Table legend: (Time is in decaauts)
 A = Elapsed time spent in this place.
 B = Non-inter-level travel time spent in this place.
 C = Inter-level travel time spent in this place.
 D = Time resting spent in this place.
 E = Time spent auto-exploring this place.
 F = Levels seen in this place.
 G = Mean time per level.
                   A        B        C        D        E       F      G
               +--------+--------+--------+--------+--------+-----+--------+
         Total |    531 |    519 |     12 |      0 |    371 |   2 |  265.5 |
       Dungeon |    531 |    519 |     12 |      0 |    371 |   2 |  265.5 |
               +--------+--------+--------+--------+--------+-----+--------+

Top non-repeatable levels by time:
     D:1: 428 daAuts
     D:2: 102 daAuts
